 Dungeon Crawl Stone Soup version 0.26-a0-259-g1effd001a9 (webtiles) character file.

Game seed: 3209400796052845897

98984 tilp the Spry (level 15, -7/84 HPs)
             Began as a Spriggan Enchanter on July 15, 2020.
             Was the Champion of Dithmenos.
             Mangled by a catoblepas (11 damage)
             ... led by Polyphemus
             ... while petrified by you
             ... on level 2 of the Shoals on July 16, 2020.
             The game lasted 01:26:23 (37389 turns).

tilp the Spry (Spriggan Enchanter)                 Turns: 37389, Time: 01:26:24

Health: -7/84      AC: 14    Str:  4    XL:     15   Next: 76%
Magic:  26/34      EV:  4    Int: 21    God:    Dithmenos [******]
Gold:   1341       SH:  0    Dex: 19    Spells: 5/26 levels left

rFire    + . .     SeeInvis +   a - +6 dagger (flame)
rCold    . . .     Faith    .   y - +0 buckler
rNeg     + + +     Spirit   .   E - +4 steam dragon scales
rPois    ∞         Reflect  .   J - +2 hat
rElec    .         Harm     .   G - +2 cloak {rCorr}
rCorr    +                      (gloves unavailable)
MR       ++...                  (boots unavailable)
Stlth    ++++++++++             l - amulet of the acrobat
HPRegen  0.24/turn              M - ring of protection from fire
MPRegen  0.24/turn              S - ring of magical power

@: confusing touch, petrified, wreathed by umbra, very quick
A: very small, unfitting armour, see invisible, herbivore, speed 3, slow
metabolism 2
a: Shadow Step, Shadow Form, Renounce Religion


You were on level 2 of the Shoals.
You worshipped Dithmenos.
Dithmenos was exalted by your worship.
You were not hungry.

You visited 6 branches of the dungeon, and saw 27 of its levels.

You collected 3021 gold pieces.
You spent 1680 gold pieces at shops.

Inventory:

Hand Weapons
 a - a +6 dagger of flaming (weapon)
 b - a +3 scimitar of flaming
 D - a +3 dagger of venom
Missiles
 o - 147 poisoned darts (quivered)
 I - 4 throwing nets {!f}
 U - 241 arrows
Armour
 y - a +0 buckler (worn)
 E - +4 steam dragon scales (worn)
 G - a +2 cloak of preservation (worn)
 J - a +2 hat (worn)
Jewellery
 k - an uncursed ring of positive energy
 l - an amulet of the acrobat (around neck)
 t - an uncursed amulet of guardian spirit
 M - a ring of protection from fire (left hand)
 S - a ring of magical power (right hand)
Wands
 n - a wand of digging (8)
 r - a wand of acid (12)
 C - a wand of flame (5)
 H - a wand of paralysis (7)
 K - a wand of disintegration (18)
 T - a wand of polymorph (9)
 V - a wand of iceblast (5)
Scrolls
 d - 8 scrolls of teleportation
 h - 4 scrolls of blinking
 i - 3 scrolls of immolation
 j - 7 scrolls of amnesia
 s - 7 scrolls of remove curse
 u - 5 scrolls of fog
 w - a scroll of fear
 L - 6 scrolls of identify
 O - 2 scrolls of magic mapping
 P - a scroll of summoning
Potions
 e - a potion of invisibility
 f - 2 potions of berserk rage
 g - 8 potions of curing
 m - a potion of might
 p - 3 potions of ambrosia
 q - 4 potions of brilliance
 v - 4 potions of lignification
 x - 6 potions of cancellation
 z - 3 potions of haste
 A - 2 potions of stabbing
 B - a potion of magic
 F - 6 potions of heal wounds
 Q - 2 potions of mutation
 R - a potion of resistance
Miscellaneous
 N - 2 boxes of beasts
Comestibles
 c - 80 rations


   Skills:
 + Level 11.7 Fighting
 - Level 10.0 Short Blades
 + Level 17.7 Dodging
 - Level 15.0 Stealth
 - Level 4.0 Shields
 - Level 6.0 Spellcasting
 - Level 12.0 Hexes
 - Level 4.0 Transmutations
 - Level 6.0 Ice Magic
 - Level 6.0 Invocations
 - Level 10.0 Evocations


You had 5 spell levels left.
You knew the following spells:

 Your Spells              Type           Power        Failure   Level
a - Corona                Hex            ######.      1%          1
b - Ensorcelled Hibernat  Hex/Ice        #####.       1%          2
c - Confusing Touch       Hex            ######..     1%          3
d - Tukima's Dance        Hex            ######..     1%          3
e - Dazzling Flash        Conj/Hex       ####..       3%          3
f - Cause Fear            Hex            ######....   1%          4
g - Frozen Ramparts       Ice            ####..       3%          3
h - Sticks to Snakes      Tmut           ###.....     3%          2

Your spell library contained the following spells:

 Spells                   Type           Power        Failure   Level
 Freeze                   Ice            ####         1%          1
 Beastly Appendage        Tmut           ###...       2%          1
 Sting                    Tmut/Pois      ##..         5%          1
 Metabolic Englaciation   Hex/Ice        #####.....   9%          5
 Ozocubu's Armour         Chrm/Ice       ###.....     11%         3
 Yara's Violent Unravell  Hex/Tmut       #####.....   12%         5
 Spider Form              Tmut/Pois      ##........   16%         3
 Ice Form                 Ice/Tmut       ####....     16%         4
 Silence                  Hex/Air        ####......   28%         5
 Gell's Gravitas          Tloc           #.........   34%         3
 Hailstorm                Conj/Ice       ###.....     34%         4
 Summon Ice Beast         Ice/Summ       ###.....     34%         4
 Petrify                  Tmut/Erth      ##......     45%         4
 Blade Hands              Tmut           ###.......   54%         5
 Borgnjor's Vile Clutch   Necr/Erth      #.........   97%         5
 Darkness                 Hex            ######....   13%         6
 Discord                  Hex            ######....   99%         8
 Shadow Creatures         Summ           N/A          100%        6


Dungeon Overview and Level Annotations

Branches:
Dungeon (15/15)            Temple (1/1) D:4            Lair (6/6) D:11
 Shoals (2/4) Lair:3       Spider (1/4) Lair:4          Orc (2/2) D:9
    Elf (0/3) Orc:2        Vaults (0/5) D:14         Depths (0/5) D:15
  Slime: Lair:5-6

Altars:
Ashenzari
Cheibriados
Dithmenos
Elyvilon
Fedhas
Gozag
Hepliaklqana
Kikubaaqudgha
Makhleb
Nemelex Xobeh
Okawaru
Qazlal
Ru
Sif Muna
Trog
Uskayaw
Vehumet
Wu Jian
Xom
Yredelemnul
Zin
The Shining One
Beogh

Shops:
D:4 [   D:12 !((%=   D:13 *   D:15 :   Orc:2 *[[:%   Shoals:1 ?

Annotations:
D:3 2 transporters, Isaac123's ghost, amateur CeHu
D:14 exclusion: ice statue
Lair:2 1 runed translucent door, Sezoajol's ghost, journeyman DrTm
Lair:5 3 runed translucent doors, Egid's ghost, journeyman DEWz
Lair:6 exclusion: oklob plant
Shoals:1 Roxanne


Innate Abilities, Weirdness & Mutations

You are very small and have problems with some larger weapons.
You are too small for most types of armour.
You have supernaturally acute eyesight. (SInv)
You are a herbivore.
You cover ground extremely quickly.
You need to consume almost no food.


Message History

Your adder dies!
The catoblepas gores you!
You are engulfed in calcifying dust.
The death yak gores you! The catoblepas gores you.
You are engulfed in calcifying dust.
The death yak gores you! The catoblepas gores you!!
You emit a cloud of dark smoke.
The death yak gores you! The catoblepas gores you!!
The death yak gores you but does no damage. x2
The catoblepas gores you. The death yak gores you!!
* * * LOW HITPOINT WARNING * * *
You emit a cloud of dark smoke.
The death yak gores you!!
* * * LOW HITPOINT WARNING * * *
The catoblepas gores you!!
* * * LOW HITPOINT WARNING * * *
The death yak gores you.
* * * LOW HITPOINT WARNING * * *
The death yak gores you but does no damage.
The catoblepas gores you!!
You die...

≈....##....##.≈.##.≈≈≈≈≈≈≈
≈....(#.(≈....≈)...≈≈≈≈≈≈≈≈≈≈≈≈≈#
≈≈≈......≈...≈≈.(.)≈≈≈≈≈≈≈≈≈≈≈≈≈#
≈≈≈)≈.≈≈.....≈≈≈≈≈≈≈≈≈≈≈≈≈≈≈≈≈≈≈#
≈.......>.....≈≈≈≈≈≈≈≈≈≈≈≈≈≈≈≈≈≈#
≈.............≈≈≈≈≈≈≈≈≈≈≈≈≈≈≈≈≈≈#
≈≈≈......<...≈≈§≈≈≈≈≈≈≈≈≈≈≈≈≈≈≈≈#
≈≈≈<.....>...≈≈§§Y≈≈....≈≈≈≈≈≈≈≈#
.........≈≈≈[≈≈§@Y§.....≈≈≈≈≈≈≈≈#
.#.......≈≈≈≈≈≈##Y§####.≈##.≈≈≈≈#
.#.......≈≈≈≈≈.#.§§S....≈≈#≈≈≈≈≈#
.≈.......≈≈≈≈≈≈........[≈≈≈≈≈≈≈≈#
.≈≈...≈≈≈≈≈≈≈≈÷≈≈≈≈≈≈)≈)≈≈≈≈≈≈≈≈#
≈≈≈≈≈≈≈≈≈≈≈≈≈≈≈#≈≈≈≈≈≈≈≈≈≈#≈≈≈≈≈#
≈≈≈≈≈≈≈≈≈≈≈≈≈≈≈#≈≈≈≈≈≈≈≈≈≈#.≈≈≈≈#
≈≈≈≈≈≈≈≈≈≈≈≈≈≈≈#≈≈≈≈≈≈≈≈≈≈#.≈≈≈≈#
≈≈≈≈≈≈≈≈≈≈≈≈≈≈≈#≈≈≈≈≈≈≈≈≈≈#.≈≈≈≈#


You could see 2 death yaks and a catoblepas.

Vanquished Creatures
  Polyphemus (Shoals:2)
  Gastronok (Lair:3)
  An emperor scorpion (Spider:1)
  A very ugly thing (D:15)
  A stone giant (Orc:2)
  The ghost of Torious the Destroyer, a journeyman DECj of Sif Muna (Lair:6)
  A merfolk javelineer (Shoals:2)
  3 fire dragons
  A merfolk impaler (Shoals:1)
  4 vault guards (D:14)
  An ice dragon (D:15)
  Fannar (Orc:1)
  3 hydras
  2 catoblepae
  A merfolk avatar (Shoals:2)
  3 centaur warriors
  A merfolk aquamancer (Shoals:1)
  An ogre mage (Orc:1)
  A satyr (Shoals:2)
  4 two-headed ogres
  4 orc high priests (Orc:2)
  A skeletal warrior (D:15)
  An unseen horror (D:14)
  2 sea snakes
  A swamp dragon (Lair:6)
  A wizard (D:14)
  2 lindwurms (Lair:6)
  3 wolf spider zombies (D:15)
  3 ugly things
  An orc knight (Orc:2)
  5 harpies (Shoals:1)
  3 manticores
  A deep elf mage (D:14)
  3 cyclopes
  6 fauns (Shoals:1)
  An orc sorcerer (Orc:2)
  3 merfolk sirens
  8 elephants
  5 torpor snails (Lair:6)
  2 water nymphs (Shoals:1)
  4 black mambas
  A gargoyle (D:8)
  5 rime drakes
  A redback zombie (D:15)
  Maggie (D:8)
  10 cane toads
  4 yaktaurs (D:15)
  10 komodo dragons
  2 demonic crawlers
  An efreet (D:13)
  A guardian mummy (D:15)
  A tengu conjurer (D:15)
  2 queen bees (Lair:6)
  2 trolls
  4 meliai (Lair:6)
  3 tyrant leeches (Lair:6)
  A wind drake (Shoals:2)
  7 polar bears (Lair:4)
  12 blink frogs
  9 hornets
  A snapping turtle (Lair:3)
  3 merfolk
  Prince Ribbit (D:9)
  8 hippogriffs
  3 slime creatures (D:13)
  6 water elementals
  3 wyverns
  A wraith (D:13)
  A tarantella (Lair:4)
  2 shadows
  7 redbacks (Lair:4)
  3 vampires
  29 yaks
  5 basilisks
  A hog (shapeshifter) (D:14)
  2 steam dragons
  4 vampire mosquitoes (D:13)
  2 acid dragons
  6 wargs
  17 water moccasins
  2 soldier ants (D:12)
  5 porcupines
  A meliai simulacrum (D:15)
  14 ice beasts
  19 orc warriors
  3 sky beasts
  A black bear (D:9)
  3 swamp drakes (Lair:6)
  3 phantoms
  2 eyes of draining
  13 ogres
  A necrophage (D:9)
  9 wolves
  15 centaurs
  10 crocodiles
  5 big kobolds
  A gnoll sergeant (D:8)
  9 bullfrogs
  3 wyvern skeletons
  7 scorpions
  3 water moccasin skeletons
  32 killer bees
  5 wights
  4 howler monkeys
  2 quasits
  8 hounds
  3 jellies (D:9)
  5 centaur zombies
  30 orc priests
  27 orc wizards
  A bullfrog skeleton (D:12)
  8 centaur skeletons
  7 iguanas
  15 worker ants
  2 hound skeletons
  A mummy (D:15)
  2 howler monkey skeletons
  A worker ant zombie (D:5)
  8 gnolls
  15 adders
  4 white imps
  3 ufetubi
  6 oozes
  An adder zombie (D:7)
  3 adder skeletons
  6 worms
  2 dart slugs (D:3)
  3 leopard geckos
  66 orcs
  7 giant cockroaches
  11 hobgoblins
  23 jackals
  6 quokkas
  8 bats
  5 frilled lizards
  5 goblins
  28 kobolds
  10 rats
  A plant (D:11)
778 creatures vanquished.

Vanquished Creatures (collateral kills)
  A catoblepas (Lair:6)
  An orc priest (Orc:2)
2 creatures vanquished.

Vanquished Creatures (others)
  A dancing weapon (Orc:2)
  A sky beast (D:14)
  An electric eel (D:14)
  3 jackals (D:10)
  5 fungi (Lair:6)
  8 plants
  2 withered plants (D:15)
21 creatures vanquished.

Grand Total: 801 creatures vanquished

Notes
Turn   | Place    | Note
-------+----------+-------------------------------------------
     0 | D:1      | tilp the Spriggan Enchanter began the quest for the Orb.
     0 | D:1      | Reached XP level 1. HP: 9/9 MP: 5/5
   360 | D:1      | Reached XP level 2. HP: 13/13 MP: 6/6
   364 | D:1      | Learned a level 2 spell: Ensorcelled Hibernation
  1064 | D:2      | Reached skill level 5 in Stealth
  1064 | D:2      | Reached XP level 3. HP: 16/16 MP: 2/8
  1757 | D:2      | Reached XP level 4. HP: 21/21 MP: 6/9
  1830 | D:2      | Found a stormy altar of Qazlal.
  1831 | D:2      | Found a blossoming altar of Fedhas.
  1835 | D:2      | Reached skill level 5 in Hexes
  3034 | D:2      | Found a faded altar of an unknown god.
  3321 | D:3      | Noticed Isaac123's ghost (amateur CeHu)
  3345 | D:3      | Found a transporter.
  3349 | D:3      | Found a transporter.
  3982 | D:3      | Reached XP level 5. HP: 24/24 MP: 10/10
  4866 | D:4      | Found an iron altar of Okawaru.
  4872 | D:4      | Reached XP level 6. HP: 28/28 MP: 8/11
  4942 | D:4      | Learned a level 3 spell: Confusing Touch
  4946 | D:4      | Learned a level 3 spell: Tukima's Dance
  5365 | D:4      | Noticed a sky beast
  5372 | D:4      | Killed a sky beast
  6185 | D:4      | Found Hilumiut's Antique Armour Shop.
  6205 | D:4      | Reached skill level 5 in Short Blades
  6205 | D:4      | Reached XP level 7. HP: 32/32 MP: 12/12
  6386 | D:4      | Reached skill level 1 in Fighting
  6477 | D:4      | Found a staircase to the Ecumenical Temple.
  6604 | Temple   | Entered the Ecumenical Temple
  6665 | Temple   | Became a worshipper of Dithmenos the Shadowed
  6822 | D:5      | Entered Level 5 of the Dungeon
  6870 | D:5      | Reached skill level 4 in Dodging
  7133 | D:5      | Reached skill level 5 in Dodging
  7488 | D:5      | Found a glowing golden altar of the Shining One.
  7488 | D:5      | Found a glowing silver altar of Zin.
  7506 | D:5      | Found a white marble altar of Elyvilon.
  7536 | D:5      | Reached * piety under Dithmenos
  7587 | D:5      | Reached skill level 6 in Dodging
  7803 | D:5      | Reached XP level 8. HP: 40/40 MP: 10/13
  8246 | D:6      | Reached skill level 7 in Dodging
  9302 | D:6      | Reached skill level 8 in Dodging
 10191 | D:7      | Reached ** piety under Dithmenos
 10229 | D:7      | Reached XP level 9. HP: 37/44 MP: 0/16
 10238 | D:7      | Reached skill level 10 in Stealth
 10979 | D:8      | Noticed a two-headed ogre
 10987 | D:8      | Killed a two-headed ogre
 11000 | D:8      | Learned a level 3 spell: Dazzling Flash
 11002 | D:8      | Noticed a gargoyle
 11014 | D:8      | Killed a gargoyle
 11131 | D:8      | Reached XP level 10. HP: 49/49 MP: 17/17
 11198 | D:8      | Noticed Maggie
 11209 | D:8      | Killed Maggie
 11462 | D:8      | Reached *** piety under Dithmenos
 11531 | D:8      | Found a radiant altar of Vehumet.
 11531 | D:8      | Found a shattered altar of Ashenzari.
 12183 | D:9      | Reached skill level 9 in Dodging
 12271 | D:9      | Noticed Prince Ribbit
 12281 | D:9      | Killed Prince Ribbit
 12646 | D:9      | Reached **** piety under Dithmenos
 13046 | D:9      | Found a staircase to the Orcish Mines.
 13140 | D:9      | Found a shimmering blue altar of Sif Muna.
 13476 | D:10     | Entered Level 10 of the Dungeon
 13490 | D:10     | Noticed an eight-headed hydra
 13693 | D:10     | Reached skill level 1 in Evocations
 13816 | D:10     | Reached skill level 1 in Shields
 13994 | D:10     | Killed an eight-headed hydra
 13994 | D:10     | Reached skill level 10 in Dodging
 13994 | D:10     | Reached XP level 11. HP: 54/54 MP: 5/18
 14232 | D:11     | Noticed a red ugly thing
 14239 | D:11     | Killed a red ugly thing
 14391 | D:11     | Found a staircase to the Lair.
 14642 | D:11     | Found an opulent altar of Gozag.
 14653 | D:11     | Noticed a purple ugly thing
 14662 | D:11     | Killed a purple ugly thing
 14662 | D:11     | Reached ***** piety under Dithmenos
 14685 | D:11     | Reached skill level 5 in Fighting
 15113 | Lair:1   | Entered Level 1 of the Lair of Beasts
 15420 | Lair:1   | Reached skill level 10 in Hexes
 15731 | Lair:1   | Found an opulent altar of Gozag.
 16220 | Lair:1   | Reached skill level 11 in Dodging
 16270 | Lair:2   | Noticed a catoblepas
 16278 | Lair:2   | Killed a catoblepas
 16278 | Lair:2   | Reached skill level 10 in Short Blades
 16484 | Lair:2   | Found a runed translucent door.
 16485 | Lair:2   | Found a shimmering altar of Xom.
 16485 | Lair:2   | Noticed a +2 long sword of chaos
 16485 | Lair:2   | Noticed Sezoajol's ghost (journeyman DrTm)
 16573 | Lair:2   | Reached XP level 12. HP: 60/60 MP: 19/19
 17205 | Lair:3   | Noticed a catoblepas
 17211 | Lair:3   | Killed a catoblepas
 17211 | Lair:3   | Reached skill level 12 in Dodging
 17337 | Lair:3   | Reached skill level 15 in Stealth
 17497 | Lair:3   | Noticed Gastronok
 17689 | Lair:3   | Found a staircase to the Shoals.
 17694 | Lair:3   | Reached skill level 13 in Dodging
 17878 | Lair:3   | You fall into a shaft and drop 3 floors!
 17878 | Lair:6   | Entered Level 6 of the Lair of Beasts
 17969 | Lair:6   | Reached skill level 14 in Dodging
 18112 | Lair:6   | Reached skill level 15 in Dodging
 18735 | Lair:4   | Found a hole to the Spider Nest.
 19158 | Lair:3   | Killed Gastronok
 19840 | Lair:4   | Reached skill level 1 in Invocations
 19919 | Lair:4   | Reached XP level 13. HP: 68/68 MP: 8/20
 20098 | Lair:4   | Reached skill level 5 in Evocations
 20923 | Lair:5   | Found a runed translucent gate.
 20924 | Lair:5   | Found a runed translucent gate.
 20927 | Lair:5   | Found a runed translucent gate.
 20989 | Lair:5   | Reached ****** piety under Dithmenos
 21262 | Lair:5   | Noticed Egid's ghost (journeyman DEWz)
 21268 | Lair:5   | Noticed a minotaur
 22768 | Lair:6   | Found a transporter.
 22996 | Lair:6   | Found a transporter.
 22997 | Lair:6   | Noticed Torious's ghost (journeyman DECj)
 23371 | Lair:5   | Reached skill level 10 in Fighting
 23696 | Lair:6   | Reached skill level 1 in Ice Magic
 23782 | Lair:6   | Found a runed translucent door.
 23783 | Lair:6   | Noticed a fire dragon
 23859 | Lair:6   | Reached skill level 5 in Spellcasting
 24283 | Lair:6   | Learned a level 3 spell: Frozen Ramparts
 24513 | Lair:6   | Killed Torious's ghost
 25037 | Lair:6   | Noticed a fire dragon
 25073 | Lair:6   | Killed a fire dragon
 25073 | Lair:6   | Reached XP level 14. HP: 76/77 MP: 17/24
 25722 | Orc:1    | Entered Level 1 of the Orcish Mines
 26354 | Orc:1    | Noticed Fannar
 26357 | Orc:1    | Killed Fannar
 26441 | Orc:1    | Found a roughly hewn altar of Beogh.
 26528 | Orc:2    | Entered Level 2 of the Orcish Mines
 27187 | Orc:2    | Noticed a stone giant
 27205 | Orc:2    | Killed a stone giant
 27293 | Orc:2    | Reached skill level 5 in Ice Magic
 27449 | Orc:2    | Found a shimmering blue altar of Sif Muna.
 27465 | Orc:2    | Identified Sif Muna's Catalogue of Changing
 27606 | Orc:2    | Found Etaenepu's Food Boutique.
 27611 | Orc:2    | Found a staircase to the Elven Halls.
 29068 | Orc:2    | Found Kuideh's Armour Emporium.
 29068 | Orc:2    | Found Tythruj's General Store.
 29069 | Orc:2    | Found Ebim's Antique Armour Shoppe.
 29072 | Orc:2    | Found Naffout's Book Shoppe.
 29095 | Orc:2    | Bought an embroidered cloak for 217 gold pieces
 29272 | D:12     | Found Yjebao's Jewellery Shop.
 29473 | D:12     | Found a frozen archway.
 30226 | D:12     | Found Binieh's Antique Weapon Shop.
 30352 | D:12     | Found Bigipouk's Distillery.
 30406 | D:12     | Found Zenliurgh's Antique Weapon Emporium.
 30461 | D:12     | Found Ykkeoh's Food Emporium.
 30663 | D:13     | Reached skill level 5 in Invocations
 31021 | D:13     | Found Anaocsat's General Store.
 32000 | D:14     | Found a gate to the Vaults.
 32025 | D:14     | Reached XP level 15. HP: 81/81 MP: 15/25
 32032 | D:14     | Reached skill level 16 in Dodging
 32660 | D:15     | Entered Level 15 of the Dungeon
 33214 | D:15     | Found a staircase to the Depths.
 33786 | D:15     | Found Xapemil's Book Boutique.
 33804 | D:15     | Bought the Grimoire of Beguiling for 870 gold pieces
 33809 | D:15     | Learned a level 4 spell: Cause Fear
 34451 | D:12     | Learned a level 2 spell: Sticks to Snakes
 34476 | D:12     | Bought a potion of heal wounds for 65 gold pieces
 34476 | D:12     | Bought a potion of heal wounds for 65 gold pieces
 34476 | D:12     | Bought a potion of heal wounds for 65 gold pieces
 34515 | D:13     | Bought a scroll of blinking for 105 gold pieces
 34721 | Orc:2    | Bought a book of Misfortune for 280 gold pieces
 34942 | Spider:1 | Entered Level 1 of the Spider Nest
 34945 | Spider:1 | Reached skill level 1 in Transmutations
 35398 | Shoals:1 | Entered Level 1 of the Shoals
 35652 | Shoals:1 | Noticed Roxanne
 35660 | Shoals:1 | Found Jataq's Magic Scroll Shop.
 35718 | Shoals:1 | Bought a scroll of random uselessness for 13 gold pieces
 35759 | Shoals:1 | Reached skill level 10 in Evocations
 36066 | Shoals:1 | Reached skill level 17 in Dodging
 36679 | Shoals:2 | Noticed Polyphemus
 36684 | Shoals:2 | Killed Polyphemus
 37389 | Shoals:2 | HP: 4/84 [death yak[Polyphemus] (2)]
 37389 | Shoals:2 | Mangled by a catoblepas

Illustrated notes

Levels and vault maps discovered:
D:1:      nicolae_arrival_memento_mori, layout_basic
D:2:      minmay_spotlight, layout_loops_ring,
          grunt_temple_overflow_forces_of_nature,
          chequers_ecumenical_altar_lobes, first_ration
D:3:      layout_loops_ring, gammafunk_ghost_arena
D:4:      layout_basic, nicolae_overflow_crystal_walls,
          minmay_temple_entry_poolview, serial_shops, nicolae_shop_behind_doors,
          minmay_misc_feat_columns
D:5:      layout_rooms, good_gods_mini_temple
D:6:      layout_layer_cave
D:7:      minmay_slanted_spiral_squares, layout_cave_pools
D:8:      layout_loops_ring, gammafunk_temple_overflow_wave, uniq_maggie
D:9:      minmay_s_stair_smasher, layout_long_grid, lemuel_crystal_altar,
          david_orc_3, hangedman_little_slice_of_home, uniq_prince_ribbit1
D:10:     layout_basic, lemuel_flamethrower_1
D:11:     layout_gridville, dpeg_oklobed_lair,
          nicolae_gozag_cash_rules_everything_around_me
D:12:     layout_big_octagon, serial_shops, kennysheep_little_box, shop,
          nicolae_shop_behind_doors, shop_statue, nicolae_shop_behind_doors,
          portal_ice_cave_entry_ice_beasts, nicolae_water_bricks, fountainhead
D:13:     layout_roguey, serial_shops, shop
D:14:     lemuel_ice_statue, layout_loops_ring,
          lightli_vaults_fourway_checkpoint, minmay_misc_feat_doors,
          lemuel_freeze_loot_1
D:15:     grunt_enter_depths_hoard, layout_stronghold, serial_shops, shop,
          serial_undead, serial_undead_f, serial_undead_a, serial_undead_c,
          serial_undead_a
Temple:   nicolae_temple_god_jail
Lair:1:   layout_regular_city, basic_altar
Lair:2:   layout_cave_pods, ebering_ghost_xom
Lair:3:   layout_hall_layers, minmay_shoals_entry_hut, serial_bayou_shore_b,
          uniq_gastronok
Lair:4:   layout_hall_layers, dummy_spider_entry, beast_lair_carwin_5
Lair:5:   layout_cave_pods, maelrawn_ghost_gauntlet_escape, grunt_megastairs_4
Lair:6:   guppyfry_lair_end_dragon, layout_gridlike, wormcave,
          minmay_slime_entry_oklob_enclosed, special_room [special_room_bee],
          gammafunk_ghost_hive
Shoals:1: layout_shoals, serial_shops, nicolae_shop_statue_plus, uniq_roxanne
Shoals:2: layout_shoals, nicolae_shoals_square_sea_wall,
          nicolae_shoals_drake_roost, uniq_polyphemus
Spider:1: layout_spider_delve
Orc:1:    layout_caves, basic_altar, mines4_lemuel, uniq_fannar
Orc:2:    st_orc_mages, layout_diamond_mine, serial_shops,
          nicolae_shop_competitors_out_of_business, led_sif_book

Skill      XL: |  1  2  3  4  5  6  7  8  9 10 11 12 13 14 15 |
---------------+----------------------------------------------+-----
Hexes          | 4 5 6 7 8 9 10 11 12 | 12.0
Stealth        | 5 6 8 9 12 13 14 15 | 15.0
Short Blades   | 2 3 5 6 8 9 10 | 10.0
Fighting       | 3 4 5 7 10 11 | 11.7
Dodging        | 6 8 10 11 15 17 | 17.7
Spellcasting   | 4 6 |  6.0
Evocations     | 2 4 6 8 10 | 10.0
Shields        | 1 4 |  4.0
Invocations    | 1 4 6 |  6.0
Ice Magic      | 3 6 |  6.0
Transmutations | 4 |  4.0

Action                   |  1- 3 |  4- 6 |  7- 9 | 10-12 | 13-15 || total
-------------------------+-------+-------+-------+-------+-------++-------
Melee: Dagger            |   108 |   160 |   337 |   590 |   964 ||  2159
Throw: Dart              |       |       |       |    34 |     3 ||    37
 Cast: Corona            |     6 |       |       |       |       ||     6
       Ensorcelled Hiber |    13 |    75 |    65 |   122 |   374 ||   649
       Confusing Touch   |       |     2 |    16 |    29 |    83 ||   130
       Dazzling Flash    |       |       |       |     4 |    12 ||    16
       Tukima's Dance    |       |       |       |       |     4 ||     4
       Sticks to Snakes  |       |       |       |       |     3 ||     3
       Cause Fear        |       |       |       |       |     1 ||     1
Invok: Shadow Step       |       |       |       |     2 |     7 ||     9
Evoke: Wand              |       |       |       |    14 |    26 ||    40
       Box of beasts     |       |       |       |       |     2 ||     2
  Use: Scroll            |     1 |     2 |    10 |    20 |    12 ||    45
       Potion            |       |       |       |     4 |     5 ||     9
 Stab: Sleeping          |    20 |    42 |    51 |   128 |   273 ||   514
       Confused          |       |     2 |    19 |    27 |    74 ||   122
       Invisible         |       |       |       |     4 |     9 ||    13
       Distracted        |       |       |       |       |     5 ||     5
       Paralysed         |       |       |       |       |     1 ||     1
       Fleeing           |       |       |       |       |     1 ||     1
  Eat: Ration            |       |     1 |     2 |     4 |     7 ||    14
Armor: Robe              |    13 |    15 |    18 |       |       ||    46
       Steam dragon scal |       |       |       |    36 |    74 ||   110
Dodge: Dodged            |    90 |   121 |   301 |   366 |   852 ||  1730
Block: Buckler           |       |       |       |    39 |   303 ||   342

Table legend:
 A = Non-vault XP
 B = Vault XP
 C = Vault XP percentage of total XP
 D = Non-vault monster count
 E = Vault monster count
 F = Vault count percentage of total count
                 A         B        C        D         E       F
            +---------+---------+-------+---------+---------+-------
      Total |   93811 |   47596 |  33.7 |     576 |     203 |  26.1
            +---------+---------+-------+---------+---------+-------
        D:1 |      29 |       0 |   0.0 |      19 |       0 |   0.0
        D:2 |     116 |      16 |  12.1 |      28 |       3 |   9.7
        D:3 |     126 |       0 |   0.0 |      23 |       0 |   0.0
        D:4 |     562 |       0 |   0.0 |      29 |       0 |   0.0
        D:5 |     630 |       0 |   0.0 |      28 |       0 |   0.0
        D:6 |     294 |       0 |   0.0 |      14 |       0 |   0.0
        D:7 |     610 |     821 |  57.4 |      11 |      12 |  52.2
        D:8 |    2873 |     379 |  11.7 |      34 |       1 |   2.9
        D:9 |    1297 |    1177 |  47.6 |      40 |      22 |  35.5
       D:10 |    2254 |       0 |   0.0 |      11 |       0 |   0.0
       D:11 |    3406 |       0 |   0.0 |      28 |       0 |   0.0
       D:12 |    5952 |    1008 |  14.5 |      36 |       8 |  18.2
       D:13 |    5414 |       0 |   0.0 |      27 |       0 |   0.0
       D:14 |    4302 |    6139 |  58.8 |      15 |      12 |  44.4
       D:15 |    5987 |    6187 |  50.8 |      14 |      11 |  44.0
     Lair:1 |    4634 |       0 |   0.0 |      21 |       0 |   0.0
     Lair:2 |    3305 |       0 |   0.0 |      11 |       0 |   0.0
     Lair:3 |    5404 |    2474 |  31.4 |      19 |       2 |   9.5
     Lair:4 |    7014 |    2210 |  24.0 |      27 |       7 |  20.6
     Lair:5 |    2833 |    1028 |  26.6 |      15 |       6 |  28.6
     Lair:6 |   10579 |   15221 |  59.0 |      39 |      61 |  61.0
   Shoals:1 |   11964 |       0 |   0.0 |      24 |       0 |   0.0
   Shoals:2 |    6160 |    2207 |  26.4 |      11 |       1 |   8.3
   Spider:1 |    1958 |       0 |   0.0 |       2 |       0 |   0.0
      Orc:1 |    1759 |    2803 |  61.4 |      14 |      10 |  41.7
      Orc:2 |    4349 |    5926 |  57.7 |      36 |      47 |  56.6
            +---------+---------+-------+---------+---------+-------
